AoeStats
← tony le gros rou

Lombardia

507521027Analyzed
4v4 RM · 13d ago on Sep 18, 2026· 14m 34s· 8 players
Game mode
Random Map
Map size
Large (8 player)
Population
200
Speed
Normal
Resources
Standard
Victory
Conquest
Starting age
Dark Age
Ending age
Imperial Age
RankedLock teamsTeams togetherTeam positionsShared explorationLock speedFull tech treeHidden civsTurbo modeCheats
Victory
Defeat
🇫🇷 Britons · France
1556
+12
🇫🇷 Poles · France
1471
+16
🇩🇪 Ethiopians · Germany
1455
+16
🇫🇷 Saracens · France
1232
+26
🇷🇺 Persians · Russia
1524
-20
🇩🇪 Italians · Germany
1513
-20
🇨🇳 Mongols · China
1449
-17
🇷🇺 Dravidians · Russia
1361
-13
enzoyin68
10:10 Feudal Age
11:19 Double-Bit Axe
14:02 Castle Age
13:03 Scale Barding Armor
13:03 Horse Collar
privalovivan99
5:11 Loom
12:52 Feudal Age
14:22 Double-Bit Axe
TrCL.MAN1AC
11:34 Feudal Age
11:32 Loom
13:44 Double-Bit Axe
xxArMoRxx
11:10 Feudal Age
10:07 Loom
11:51 Double-Bit Axe
14:12 Bloodlines
14:18 Scale Barding Armor
14:52 Wheelbarrow
tony le gros rou
11:07 Feudal Age
15:03 Castle Age
13:38 Double-Bit Axe
ccereal
6:27 Loom
8:41 Feudal Age
9:53 Double-Bit Axe
12:37 Wheelbarrow
12:40 Wheelbarrow
13:39 Fletching
Jungle Kriss
7:12 Loom
9:36 Feudal Age
10:32 Double-Bit Axe
10:30 Horse Collar
12:40 Town Watch
p0n0n0
6:30 Loom
8:59 Feudal Age
9:26 Double-Bit Axe
12:43 Wheelbarrow
14:00 Fletching
Connection lost

Rejoining the realm…

Still unreachable

The connection could not be restored.

Session expired

The server has moved on; the page needs a fresh start.